Cogmind - Beta 16.1 @@@ ROGUE MODE // 2026.04.09 @ 12:57:31 Player: SunShine214 Result: Destroyed by VW-GHZ(R) with Subdweller Laser Performance ------------- Evolutions (0) 0 Regions Visited (2) 400 Robots Destroyed (26) 130 Value Destroyed (359) 359 Prototype IDs (0) 0 Alien Tech Used (0) 0 Bonus (0) 0 TOTAL SCORE: 889 Bonus ------- None Cogmind --------- Core Integrity 0/250 Matter 300/300 Energy 46/100 System Corruption 0% Temperature Cool (8) Movement Flying (32) Location -10/Subcaves Parts ------- > --- POWER (1) -------- (None) > --- PROPULSION (2) --- VTOL Module VTOL Module > --- UTILITY (2) ------ Sensor Array Makeshift Light Armor Plating > --- WEAPON (2) ------- Makeshift Sword > --- INVENTORY (5) ---- VTOL Module Large Storage Unit Cobbler Unit Flamer Peak State ------------ > --- POWER ------------ Improved Ion Engine > --- PROPULSION ------- Light Treads Spiked Treads > --- UTILITY ---------- Large Storage Unit Hardened Light Armor Plating > --- WEAPON ----------- Shotgun Barrage Gun > --- INVENTORY -------- Light Treads Light Treads VTOL Module VTOL Module VTOL Module VTOL Module Sensor Array Signal Interpreter Improved Terrain Scanner Hardened Light Armor Plating Hardened Light Armor Plating Hardened Light Armor Plating Shotgun Subdweller Shrapnel Launcher Hammer [Rating: 15] Favorites ----------- Power Ion Engine Engine Ion Engine Propulsion Light Treads Treads Light Treads Flight Unit VTOL Module Utility Small Storage Unit Device Improved Terrain Scanner Storage Small Storage Unit Processor Signal Interpreter Protection Hardened Light Armor Plating Weapon EM Pulse Gun Energy Gun EM Pulse Gun Energy Cannon Subdweller Beam Cannon Ballistic Gun Assault Rifle Launcher Subdweller Shrapnel Launcher Special Weapon Flamer Slashing Weapon Makeshift Sword Build | -11 -10 -10 ------- Run | Yrd Mat Sub Slots Evolved . | . . . Power . | . . . Propulsion . | . . . Utility . | . . . Weapon . | . . . Parts Attached 31 | 7 12 12 Power 2 | 1 1 . Engine 2 | 1 1 . Core . | . . . Reactor . | . . . Propulsion 6 | 2 1 3 Treads 3 | 2 1 . Leg . | . . . Wheel . | . . . Hover . | . . . Flight 3 | . . 3 Utility 10 | 2 3 5 Device 4 | 1 . 3 Storage 3 | 1 2 . Processor 1 | . . 1 Hackware . | . . . Protection 2 | . 1 1 Artifact . | . . . Weapon 13 | 2 7 4 Energy Gun 1 | 1 . . Energy Cannon 1 | . . 1 Ballistic Gun 7 | 1 5 1 Ballistic Cannon . | . . . Launcher 1 | . 1 . Special Weapon 2 | . 1 1 Impact Weapon . | . . . Slashing Weapon 1 | . . 1 Piercing Weapon . | . . . Special Melee Weapon . | . . . Unidentified Prototypes . | . . . Parts Lost 6 | . . 6 Power 1 | . . 1 Propulsion 2 | . . 2 Utility 1 | . . 1 Weapon 2 | . . 2 Highest Loss Streak 6 | . . 6 To Critical Strikes . | . . . Average Backups 5 | . 7 6 Power . | . . . Propulsion 1 | . 2 2 Utility 2 | . 2 3 Weapon 1 | . 2 1 Tool/Special . | . . . Unused Backups 9 | . 3 6 Power . | . . . Propulsion 4 | . 2 2 Utility 3 | . . 3 Weapon 2 | . 1 1 Tool/Special . | . . . Average Slot Usage (%) 90 | . 100 79 Engine 9 | . 14 3 Treads 18 | . 28 6 Flight 9 | . . 21 Device 13 | . 11 15 Storage 9 | . 14 3 Protection 4 | . 2 6 Energy Gun 5 | . 10 . Ballistic Gun 12 | . 17 6 Special Weapon 3 | . . 6 Slashing Weapon 3 | . . 8 Peak Build Rating 15 | 9 14 15 Average Rating 10 | 8 10 12 On Entrance 7 | . 9 14 Avg Prop Armor Cover (%) . | . . . Naked Turns . | . . . Heaviest Build 50 | 15 50 43 Greatest Support 40 | 40 40 40 Greatest Overweight (x) 1 | 1 1 1 Average Overweight (x) . | . . . Largest Inventory Capacity 20 | 8 20 15 Average Capacity 8 | 7 9 7 Most Carried 15 | 1 15 15 Average Carried 5 | . 7 7 Final Capacity 15 | 8 15 5 Final Carried 15 | 1 15 5 Class Distribution -------------------- 74% | Mutant 25% | Sprinter Dominant Class ---------------- Mutant | -10/Materials Sprinter | -10/Subcaves Resources | -11 -10 -10 ----------- Run | Yrd Mat Sub Matter Collected 920 | 315 180 425 Remotely . | . . . Salvage Created 556 | 271 263 22 Parts 41 | 20 19 2 Haulers Intercepted 1 | . 1 . Recyclers Shooed . | . . . Parts Field Recycled . | . . . Retrieved Matter . | . . . Parts Self-Destructed 3 | . . 3 Prevented . | . . . Parts Restored . | . . . Kills | -11 -10 -10 ------- Run | Yrd Mat Sub Combat Hostiles Destroyed 12 | . 8 4 Guns 7 | . 6 1 Cannons 2 | . . 2 AOE 3 | . 2 1 Classes Destroyed 8 | 3 5 . Worker 3 | 2 1 . Tunneler 7 | 7 . . Hauler 1 | . 1 . Recycler 1 | 1 . . Mechanic 1 | . 1 . Watcher 1 | . 1 . Swarmer 8 | . 6 2 Subdweller 4 | . 2 2 Best Kill Streak 4 | 4 3 2 Combat Bots Only 2 | . 2 2 Max Kills in Single Turn 2 | 2 2 1 Gunslinging . | . . . Exploded 1 | . 1 1 Melee . | . . . Uniques/NPCs Destroyed . | . . . Combat | -11 -10 -10 -------- Run | Yrd Mat Sub Hostile Shots Fired 135 | . 47 88 Missed 45 | . 15 30 Hits 90 | . 32 58 Projectile 90 | . 32 58 Critical Strikes 2 | . 1 1 Damage Taken 1257 | 30 441 786 Core 252 | . 84 168 Absorbed by Shields . | . . . Core Remaining (%) 100 | 100 . . Volleys Fired 72 | 25 34 13 Largest 2 | 2 2 2 Hottest 140 | 60 140 100 Shots Fired 138 | 50 68 20 Gun 122 | 50 64 8 Cannon . | . . . Launcher 10 | . 3 7 Special 6 | . 1 5 Kinetic 76 | 25 36 15 Thermal 6 | . 1 5 Explosive . | . . . Electromagnetic 56 | 25 31 . Robot Hit Streak 15 | 7 4 15 Robot Miss Streak 7 | 3 7 3 Penetration Max . | . . . Secondary Targets 1 | . 1 . Max Gunslinging Chain 1 | . 1 . Shots Hit Robots 81 | 33 32 16 Core Hits 39 | 11 18 10 Critical Kills 1 | . 1 . Critical Parts Destroyed . | . . . Critical Strikes 1 | . 1 . Destroy 1 | . 1 . Melee Attacks 3 | . . 3 Impact . | . . . Slashing 3 | . . 3 Piercing . | . . . Sneak Attacks . | . . . Combat Hostiles . | . . . Follow-up Attacks . | . . . Damage Inflicted 2233 | 544 856 833 Guns 915 | 454 358 103 Cannons . | . . . Explosions 1273 | 90 495 688 Melee . | . . . Ramming 3 | . 3 . Kinetic 1362 | 212 359 791 Thermal 181 | 90 49 42 Explosive 246 | . 246 . Electromagnetic 441 | 242 199 . Impact . | . . . Slashing . | . . . Piercing . | . . . Highest Corruption . | . . . Average Corruption . | . . . Corruption Purged . | . . . Corruption Blocked . | . . . Overload Shots . | . . . Overflow Damage 12 | . . 12 Projectiles . | . . . Explosions 12 | . . 12 Melee . | . . . Knockbacks . | . . . Impact . | . . . Kinetic . | . . . Secondary . | . . . Self-Inflicted Damage 201 | 30 137 34 Shots 6 | 1 4 1 Rammed 1 | . 1 . Targets Rammed 1 | . 1 . Kicked . | . . . Crushed . | . . . Highest Temperature 81 | 12 81 9 Average Temperature 26 | 12 33 9 Received Heat Transfer 120 | . 30 90 Siege Activations . | . . . Martial Activations . | . . . Shielding Activations . | . . . Robots Disrupted . | . . . Combat Hostiles . | . . . Robots Corrupted . | . . . Combat Hostiles . | . . . Parts Fried . | . . . Impact Corruptions . | . . . Robots Melted . | . . . Combat Hostiles . | . . . Parts Melted . | . . . Heat Transferred 470 | 50 100 320 Parts Sabotaged . | . . . Parts Stolen . | . . . Parts Stripped . | . . . Power Chain Reactions 4 | 2 2 . Alert | -11 -10 -10 ------- Run | Yrd Mat Sub Maximum Alert Level . | . . . Low Security (%) 100 | 100 100 . Level 1 . | . . . Level 2 . | . . . Level 3 . | . . . Level 4 . | . . . Level 5 . | . . . High Security . | . . . Max Security . | . . . Peak Influence 118 | 15 118 . Initial . | . . . Average 29 | 1 46 . Influence Increases 415 | 50 295 70 Destroy 0b10 Robot/C 160 | . 120 40 Destroy 0b10 Robot/NC 70 | 50 20 . Destroy Leader 24 | . 24 . Successful Hack 7 | . 7 . Disable Machine 45 | . 45 . Destroy Structure 34 | . 34 . Lose Combat Pursuer 75 | . 45 30 Influence Decreases 415 | 50 263 102 Entered New Map 16 | . . 16 Time Decay 399 | 50 263 86 Squads Dispatched . | . . . Investigation . | . . . Extermination . | . . . Reinforcement . | . . . Assault . | . . . Garrison . | . . . Intercept . | . . . Searches Triggered . | . . . Construction Impeded . | . . . Haulers Reinforced . | . . . Active Scanning Responses . | . . . Cargo Convoy Interrupts . | . . . Stealth | -11 -10 -10 --------- Run | Yrd Mat Sub Distress Signals 4 | . 4 . Communications Jammed . | . . . Distress Signals . | . . . Times Spotted 27 | . 15 12 Peak Tracking Total 5 | . 3 5 Tactical Retreats 4 | . 2 2 Traps | -11 -10 -10 ------- Run | Yrd Mat Sub Traps Triggered . | . . . Indirectly . | . . . Trap Hack Attempts . | . . . Triggered . | . . . Disarmed 5 | . 5 . Reprogrammed . | . . . Reused . | . . . Traps Extracted . | . . . Installed . | . . . Triggered . | . . . Machines | -11 -10 -10 ---------- Run | Yrd Mat Sub Machines Disabled 3 | . 3 . Max in Single Turn 1 | . 1 . Machines Repaired . | . . . Machines Dismantled . | . . . Machines Sabotaged . | . . . Overloaded Fab Kills . | . . . Hacking | -11 -10 -10 --------- Run | Yrd Mat Sub Machines Accessed 4 | . 3 1 Terminals 3 | . 3 . Fabricators . | . . . Repair Stations . | . . . Recycling Units . | . . . Scanalyzers . | . . . Garrison Access . | . . . Total Hacks 6 | . 5 1 Successful 4 | . 3 1 Failed 2 | . 2 . Catastrophic . | . . . Database Lockouts . | . . . Manual . | . . . Terminals 5 | . 5 . Fabricators . | . . . Repair Stations . | . . . Recycling Units . | . . . Scanalyzers . | . . . Garrison Access . | . . . Terminal Hacks 4 | . 3 1 Open Door 1 | . . 1 Disarm Traps 1 | . 1 . Hauler Manifests 1 | . 1 . Registered Components 1 | . 1 . Fabricator Hacks . | . . . Repair Station Hacks . | . . . Recycling Unit Hacks . | . . . Scanalyzer . | . . . Garrison Access Hacks . | . . . Unauthorized Hacks . | . . . Terminals . | . . . Fabricators . | . . . Repair Stations . | . . . Recycling Units . | . . . Scanalyzers . | . . . Garrison Access . | . . . Data Cores Recovered . | . . . Used . | . . . Hacking Detections 1 | . 1 . Full Trace Events . | . . . Feedback Events . | . . . Feedback Blocked . | . . . Robot Schematics Acquired . | . . . Robots Built . | . . . Authchips . | . . . Time . | . . . Total Robot Build Rating . | . . . Part Schematics Acquired . | . . . Parts Built . | . . . Authchips . | . . . Time . | . . . Total Part Build Rating . | . . . Part Studies Acquired . | . . . Parts Repaired . | . . . Time . | . . . Parts Recycled . | . . . Recycled Matter . | . . . Retrieved Matter . | . . . Retrieved Components . | . . . Parts Scanalyzed . | . . . Part Schematics Acquired . | . . . Parts Damaged . | . . . Bothacking | -11 -10 -10 ------------ Run | Yrd Mat Sub Used RIF Installer . | . . . Robots Hacked . | . . . Non-combat . | . . . Combat . | . . . Robot Hacks Applied . | . . . Relay Couplers Released . | . . . Fabnet Peak Effective % . | . . . Robots Rewired . | . . . Allies Hacked . | . . . Hacks Repelled . | . . . Allies | -11 -10 -10 -------- Run | Yrd Mat Sub Total Allies . | . . . Largest Group . | . . . Highest-Rated Group . | . . . Highest-Rated Ally . | . . . Total Orders . | . . . Ally Attacks . | . . . Total Damage . | . . . Kills . | . . . Allies Corrupted . | . . . Allies Melted . | . . . Intel | -11 -10 -10 ------- Run | Yrd Mat Sub Active Infowar (turns) 1478 | 399 617 462 Optics 281 | . . 281 Sensors 412 | . . 412 Terrain 1016 | 399 617 . Robot Analysis Total . | . . . Derelict Logs Recovered 1 | . . 1 Drone Launches . | . . . Drone Recoveries . | . . . Exploration | -11 -10 -10 ------------- Run | Yrd Mat Sub Turns Passed 1930 | 467 773 690 Spaces Moved 1241 | 62 389 790 Core 8 | 8 . . Treads 526 | 54 389 83 Legs . | . . . Wheels . | . . . Hover . | . . . Flight 707 | . . 707 Fastest Speed 32 | 50 160 32 Average Speed 88 | 146 160 48 Slowest Speed 250 | 160 240 250 Overloaded Moves . | . . . Propulsion Burnouts . | . . . Robots Hopped . | . . . Potential Cave-ins . | . . . Cave-ins Triggered . | . . . Exploration Rate (%) 33 | 3 58 39 Regions Visited 2 Branch Regions 1 Pre-discovered Areas 1 | . . 1 Known Exits Taken . | . . . Unknown Exits Taken 2 | 1 1 . Scrap Searched 5 | . . 5 Spaces Dug . | . . . Terrain Destroyed 86 | 12 34 40 Melee . | . . . Projectile . | . . . AOE 86 | 12 34 40 Terrain Rammed . | . . . Walls Destroyed . | . . . Machines Disabled . | . . . Actions | -11 -10 -10 --------- Run | Yrd Mat Sub Total 1927 | 385 470 1072 Wait 534 | 291 5 238 Move 1239 | 61 388 790 Hop . | . . . Pick Up 24 | 1 18 5 Fast Attach 12 | 7 . 5 Attach 4 | . . 4 Detach 2 | . . 2 Swap 18 | . 14 4 Drop 18 | . 10 8 Fire 72 | 25 34 13 Melee 3 | . . 3 Ram . | . . . Kick . | . . . Crush 1 | . 1 . Escape Stasis . | . . . Rewire . | . . . Trap . | . . . Miscellaneous . | . . . Route ------- -11/Scrapyard -10/Materials (discovered 4 exits: [*Mat x2] / [*Min] / *Sub) -10/Subcaves History --------- Turn | Location | Event 6 | -11/Scrapyard | Discovered new exit (range 13) 468 | -11/Scrapyard | Entered Materials 469 | -10/Materials | Build established: Mutant 707 | -10/Materials | Discovered new exit (range 15) 867 | -10/Materials | Discovered new exit (range 14) 1108 | -10/Materials | Discovered new exit (range 7) 1168 | -10/Materials | Derelicts attacked the area 1231 | -10/Materials | Discovered new exit (range 7) 1241 | -10/Materials | Entered Subcaves 1241 | -10/Subcaves | Learned Materials terminal intel 1361 | -10/Subcaves | A Subdweller sparked back to life 1361 | -10/Subcaves | A Subdweller sparked back to life 1400 | -10/Subcaves | Core integrity fell below 50% 1426 | -10/Subcaves | Core integrity fell below 20% 1461 | -10/Subcaves | Lost 6 parts (1p2n1u2w) 1674 | -10/Subcaves | Learned location of Zion (-6) 1674 | -10/Subcaves | Met a Zionite searching for "candidates" 1764 | -10/Subcaves | Build established: Sprinter 1814 | -10/Subcaves | Disturbed a concealed Subdweller 1931 | -10/Subcaves | Destroyed by VW-GHZ(R) with Subdweller Laser Last Messages --------------- 01807_ Found 67 Matter. 01807_ Searching scrap... 01807_ Found Ripper. 01807_ Found Sub. Beam Cannon. 01807_ Found 58 Matter. 01808_ Acquired Sub. Beam Cannon. 01809_ Dropped Sub. Beam Cannon. 01810_ Dropped Broken Sub. Optics. 01810_ Broken Sub. Optics crushed and broken. 01810_ Acquired Flamer. 01811_ Acquired 58 matter. 01812_ Acquired Mak. Light Armor Plating. 01814_ VW-GHZ(R) angrily emerges from the Twisted Machinery. 01816_ Acquired 10 matter. 01875_ F1-0VO(u) tweaks Twisted Machinery. 01916_ Connecting with UFD SUBCON Station... 01916_ Current location identified: Subcaves >>Open Door Sealed Heavy Doors opened. Map ----- +----------------------------------------------------+ | ?????????????????????????????????????????????????# | | ?????????????????????????????????????????????????# | | ????????????########?????????????????????????????? | | ????????????#""""""#?????????????????????????????# | | ????????????#"X""""#?????????????????????????????# | | ????????????#" #?????????????????????????????# | | ????????????#" #????????????????????????????## | | ????????????#"""" "#???????????????????????????## | | ????????????##### ##??????????????????????????## | | ??????????????#"" "#??????????????????????????# | | ?????????????## X#???????????????????????#### | | ????????????## ###??????????????######### | | ????????????# #### #??????????????# # # # | | ???????????### ## #??????????????## | | ???????????# ### #??????????????# ##### | | ???????????# ##?????????????## ## ###???? | | ???????????# #### #????????????## ####?????? | | ???????????# #?????###????# #?###??? | | ??????????## ##??#### #???## ##% ##?? | | ????????### ###???# #??## %% #?? | | ????????#"" ##?????# ##?# ##?? | | ????????##" ## #?????# #?# ## ##??? | | ?????????#" # #??#### #??## ## #???? | | ?????????#" #### #???# ## #???? | | ???????## # ##### ## #???? | | ?# ?????# # @ ## ## ### #??? | | ???""" #??## ## ###### R ## #? #??? | | ????""" %## #????# ####?% ##??? | | ????#"" "" #???###### ##???? #???? | | ????##" "" #??## ##?## ## ##?????? ???? | | ?????##""### #?## #### #####??????? #??? | | ??????##???#######?# #??????????? ??? | | ???????????????????# #??????????? ?? | | ???????????????????### ##???????????? ## ? | | ?????????????????????# ? ##????????????????# ? | | ????????????????###?## #?????????????????? | | ????????????????# ## ##??????????????????? | | ????????????????# ##???????????????????? | | ????????????????# ### #????????? | | ???????????????## &%#?????????? | | ???????????????# ### ##?????????? | | ???????????????# #### ####??????????? | | ???????????????## #? ##?????????????? | | ????????????????## ##? ##?????????????? | | ?????????????????# ##??? ##????????????? | | ????#####????????## ##???? #????????????? | | ##### ##????????### ##??? ##????????????? | | ##?##??????# #?? ##?????????????? | | ## #??????# ## ##??????????????? | | ## #?????## #???????????????? | +----------------------------------------------------+ Best States ------------- Heat Dissipation 25 Energy Generation 12 Energy Capacity 265 Matter Stores 300 Matter Capacity 300 Sight Range 21 Robot Scan Range 14 Terrain Scan Range 16 Terrain Scan Density 10 Armor Coverage 150 Evasion (%) 63 Recoil Reduction 2 Item Schematics ----------------- None Robot Schematics ------------------ None Fabricated ------------ Nothing Repaired ---------- Nothing Studied --------- None Alien Tech Used ----------------- None Achievements -------------- None Challenges ------------ None Game ------ Seed CloakDefenseDeflector Manual? 0 Play Time 00:14:24 Cumulative 125.0 hours Start 2026.04.09 @ 12:44:30 End 2026.04.09 @ 12:57:31 Sessions 1 Manual Loads 0 Difficulty Rogue Special Mode None Game No. 189 Rogue 189 Adventurer 0 Explorer 0 Win Type - Total 1 Types 1/0/0/0/0/0/0/0/0/0 Lore% 50 Gallery% 53 Achievement% 40 Wizard Run 0 Options --------- Layout 1 ASCII 0 Keyboard 1 Movement Arrows Keybinds 0 Fullscreen 1 Font 24/Smallcaps Map View 50x35 Zoom Use 0% Tactical HUD 1 Map Filters NONE Filters NONE Steam 1 RUN: f2e324dd-6c23-45e9-adfe-6836a5996d23